 Dungeon Crawl Stone Soup version 0.16-a0-4024-g0ecf4ac (webtiles) character file.

180 timbw the Slasher (level 5, -7/39 HPs)
             Began as a Vampire Fighter on Feb 18, 2015.
             Killed by nerve-wracking pain
             ... invoked by an orc priest
              (12 damage)
             ... on level 3 of the Dungeon.
             The game lasted 00:05:26 (928 turns).

timbw the Slasher (Vampire Fighter)                  Turns: 928, Time: 00:05:26

Health: -7/39      AC:  5    Str: 15    XL:     5   Next: 33%
Magic:  5/5        EV:  7    Int: 10    God:
Gold:   176        SH:  8    Dex: 14    Spells: 0 memorised, 4 levels left

rFire  . . .     SeeInvis +     a - +0 long sword
rCold  . . .     Clarity  .     k - +0 ring mail
rNeg   . . .     SustAb   .     c - +0 shield
rPois  .         Gourm    .     (no helmet)
rElec  .         Spirit   .     (no cloak)
rCorr  .         Warding  .     (no gloves)
rMut   .         Stasis   .     (no boots)
MR     .....                    (no amulet)
Stlth  +.........               (no ring)
                                (no ring)

@: regenerating quickly, not resistant to hostile enchantments, very unstealthy
A: bottle blood, fangs 3, see invisible, unbreathing
a: no special abilities


You were on level 3 of the Dungeon.
You were very full.

You visited 1 branch of the dungeon, and saw 3 of its levels.
You also visited: Sewer.

You collected 176 gold pieces.

Inventory:

Hand weapons
 a - a +0 long sword (weapon)
Missiles
 j - 5 poisoned needles
Armour
 b - a +0 scale mail
 c - a +0 shield (worn)
 k - a +0 ring mail (worn)
Scrolls
 f - 2 scrolls of teleportation {unknown}
 g - a scroll of noise {unknown}
 h - a scroll of fog {unknown}
 i - 4 scrolls of identify {unknown}
 l - a scroll of fear {unknown}
 m - 2 scrolls of enchant weapon {unknown}
 n - 2 scrolls of magic mapping {unknown}
 p - a scroll of remove curse {unknown}
Potions
 d - a potion of blood
 e - a potion of might
 o - a potion of berserk rage {unknown}
Books
 q - an Akashic Record {highlevel, unknown}

   This book is beyond your current level of understanding.

   Spells                             Type                      Level
   a - Dispersal                      Translocation                6
   b - Controlled Blink               Translocation                7
   c - Malign Gateway                 Summoning/Translocation      7
   d - Disjunction                    Translocation                8
   e - Singularity                    Translocation                9


   Skills:
 - Level 2.6 Fighting
 + Level 5.6 Long Blades
 - Level 2.4 Armour
 - Level 2.6 Shields


You had 4 spell levels left.
You didn't know any spells.

Dungeon Overview and Level Annotations

Branches:
Dungeon (3/15)

Altars:
Nemelex Xobeh


Innate Abilities, Weirdness & Mutations

Your natural rate of healing is unusually fast.
You can bottle blood from corpses.
You have razor-sharp teeth.
You have supernaturally acute eyesight.
You can survive without breathing.


Message History

The orc priest is heavily wounded.
The orc hits you but does no damage.
The orc priest mumbles some strange prayers to Beogh against you.
Pain shoots through your body! The orc barely misses you.
The orc closely misses you. You block the orc priest's attack.
You hit the orc priest but do no damage.
The orc priest is heavily wounded.
You block the orc's attack.
The orc priest invokes the aid of Beogh against you.
You struggle to resist.
The orc barely misses you.
You barely miss the orc priest.
The orc priest is heavily wounded.
The orc hits you but does no damage.
The orc priest mumbles some strange prayers to Beogh against you.
Something smites you!
* * * LOW HITPOINT WARNING * * *
You block the orc's attack. The orc hits you but does no damage.
The orc priest invokes the aid of Beogh against you.
Pain shoots through your body!
You die...

#.## ## #.# ... . #.# #.###.
###.# ##.##.# .##.#
########.....# .##.#
......##..##.## ##.##.#
.#.####..oo......###.###.##
.........o................#
.#.####..##@.####..#.###..##
#..##..# #....# #....
....##..# #....# ##...
####o##..# #....# #...
#(##... ......# ##...
#o###.####...## #.... ...
... ....# #.... ### ###
###.## #.... #.# #..##


You could see an orc priest and 2 orcs.

Vanquished Creatures
  A crocodile (Sewer)
  An orc priest (D:3)
  An adder (D:3)
  A giant mite (D:3)
  2 worms
  3 giant geckos (D:3)
  An orc (D:3)
  7 goblins
  4 hobgoblins
  4 jackals
  A quokka (D:3)
  12 bats
  4 giant cockroaches (D:3)
  2 giant newts (D:3)
  2 kobolds (D:1)
  3 rats
49 creatures vanquished.

Notes
Turn   | Place    | Note
--------------------------------------------------------------
     0 | D:1      | timbw, the Vampire Fighter, began the quest for the Orb.
     0 | D:1      | Reached XP level 1. HP: 17/17 MP: 1/1
   118 | D:1      | Found a sparkling altar of Nemelex Xobeh.
   181 | D:1      | Reached XP level 2. HP: 18/23 MP: 2/2
   359 | D:2      | Reached skill level 3 in Long Blades
   538 | D:3      | Noticed a necrophage
   585 | D:2      | Reached XP level 3. HP: 25/28 MP: 3/3
   674 | D:3      | Found a glowing drain.
   694 | D:3      | Reached skill level 4 in Long Blades
   697 | Sewer    | Entered a sewer
   732 | Sewer    | Noticed a crocodile
   745 | Sewer    | HP: 1/28 [crocodile (10)]
   757 | Sewer    | Killed a crocodile
   757 | Sewer    | Reached skill level 5 in Long Blades
   757 | Sewer    | Reached XP level 4. HP: 4/34 MP: 4/4
   864 | D:3      | Reached XP level 5. HP: 39/39 MP: 5/5
   928 | D:3      | Killed from afar by an orc priest

Action                   |  1- 3 |  4- 6 || total
-------------------------+-------+-------++-------
Melee: Long sword        |   118 |    46 ||   164
  Use: Potion            |     2 |       ||     2
  Eat: Corpse            |    11 |     1 ||    12
